Red Wings vs Nordiques
(R2)
Created - November 14, 2018 at 19:13
Goals
|
| Red Wings |
4 |
0 |
1 |
5 |
| Nordiques |
2 |
0 |
4 |
6 |
|
Shots
|
| Red Wings |
11 |
15 |
10 |
36 |
| Nordiques |
16 |
7 |
10 |
33 |
|
1st period
1. Red Wings , Sean Bergenheim 3 (Mike Richards 10) at 0:19
2. Red Wings , Phil Kessel 9 (Tyler Johnson 10) at 1:09 (PP)
3. Nordiques , Marc Savard 3 (Fedor Tyutin 7, Vladimir Tarasenko 9) at 3:00 (PP)
4. Nordiques , Vladimir Tarasenko 12 (Marc Savard 15) at 5:18 (PP)
5. Red Wings , Alex Picard 4 (Chris Kelly 3, Ales Hemsky 4) at 7:22
6. Red Wings , Oleg Saprykin 1 (Tyler Johnson 11, Ole-Kristian Tollefsen 5) at 19:32
Penalties :
Marc Savard (Que) for Hooking (Minor) at 1:08, Sean Bergenheim (Det) for Roughing (Minor) at 2:28, Adam Henrique (Det) for Hooking (Minor) at 5:13, Chris Kelly (Det) for Hooking (Minor) at 9:08, R.J. Umberger (Que) for Hooking (Minor) at 12:04, Oleg Saprykin (Det) for Holding (Minor) at 17:17
2nd period
No Goal
Penalties :
Marc Savard (Que) for Tripping (Minor) at 0:13, Martin St. Louis (Que) for Boarding (Minor) at 13:28
3rd period
7. Nordiques , Vladimir Tarasenko 13 (T.J. Fast 4) at 1:44
8. Nordiques , Martin St. Louis 3 (Matt Moulson 3, Mark Eaton 2) at 6:38
9. Red Wings , Tyler Toffoli 8 (Ole-Kristian Tollefsen 6, Mike Richards 11) at 10:34
10. Nordiques , T.J. Fast 1 (Mark Eaton 3, Vladimir Tarasenko 10) at 14:27
11. Nordiques , David Legwand 5 (Ryan Ellis 12, Fedor Tyutin 8) at 17:01
Penalties :
R.J. Umberger (Que) for High sticking (Minor) at 11:33, R.J. Umberger (Que) for Tripping (Minor) at 14:56, Alex Picard (Det) for Slashing (Minor) at 18:11
Goalie Stats
John Gibson (Det), 27 saves from 33 shots - (0.818), L, 5-1-0, 60:00 minutes
Jonathan Quick (Que), 31 saves from 36 shots - (0.861), W, 7-5-1, 60:00 minutes
Players Stats for Red Wings
Player Name G A P +/- PIM S H SB GA TA FO MP PP MP PK MP
------------------------------------------------------------------------------------
Adam Henrique 0 0 0 -1 2 2 2 0 0 0 0/0 17:37 4:53 0:00
Ales Hemsky 0 1 1 -1 0 2 0 0 0 0 0/2 11:58 0:24 0:00
Alex Picard 1 0 1 0 2 4 3 0 0 0 0/0 12:02 0:00 0:13
Brent Seabrook 0 0 0 -1 0 1 1 2 0 0 0/0 21:23 6:05 0:00
Carson Mcmillan 0 0 0 0 0 0 1 0 0 0 0/0 9:37 0:24 3:00
Chris Kelly 0 1 1 -1 2 2 4 0 1 1 6/10 13:13 0:27 1:12
Jiri Fischer 0 0 0 0 0 3 0 2 0 1 0/0 19:42 0:00 3:26
Lubomir Visnovsky 0 0 0 1 0 1 0 0 0 1 0/0 15:09 0:00 2:57
Mike Richards 0 2 2 1 0 4 2 0 0 1 11/19 17:28 4:36 0:00
Nate Thompson 0 0 0 0 0 3 1 0 0 0 1/4 6:13 0:00 0:00
Oleg Saprykin 1 0 1 1 2 1 1 0 0 0 1/4 8:37 0:00 2:08
Ole-Kristian Tollefsen 0 2 2 0 0 1 1 2 0 1 0/0 23:28 3:51 3:26
Phil Kessel 1 0 1 -1 0 3 1 1 2 0 2/2 17:41 4:56 0:00
Philip Samuelsson 0 0 0 0 0 0 2 4 0 3 0/0 23:12 6:05 2:57
Ryan Whitney 0 0 0 0 0 0 0 1 0 0 0/0 17:06 3:51 0:00
Sean Bergenheim 1 0 1 1 2 5 2 0 1 2 1/2 20:28 4:36 3:00
Tyler Johnson 0 2 2 0 0 3 3 0 1 0 7/30 21:10 4:56 3:13
Tyler Toffoli 1 0 1 1 0 1 0 2 1 0 0/2 17:28 4:36 0:00
Players Stats for Nordiques
Player Name G A P +/- PIM S H SB GA TA FO MP PP MP PK MP
------------------------------------------------------------------------------------
Chris Drury 0 0 0 1 0 4 1 0 0 0 9/13 16:00 0:00 3:46
David Legwand 1 0 1 0 0 1 2 0 0 1 12/16 17:27 2:44 3:03
Dustin Byfuglien 0 0 0 -2 0 0 2 0 0 0 0/0 10:13 0:00 0:13
Fedor Tyutin 0 2 2 0 0 0 1 2 1 1 0/0 28:34 3:44 5:47
Jean-Pierre Dumont 0 0 0 -1 0 1 2 0 0 1 1/1 14:12 2:44 0:00
Kyle Calder 0 0 0 -1 0 3 0 0 0 0 0/0 7:16 0:00 2:09
Marc Savard 1 1 2 1 4 5 4 0 0 0 21/33 22:44 3:39 4:17
Mark Eaton 0 2 2 2 0 1 0 3 0 0 0/0 21:32 2:39 4:09
Martin St. Louis 1 0 1 0 2 4 1 0 0 0 0/0 11:55 0:00 0:00
Matt Irwin 0 0 0 -2 0 0 0 2 0 1 0/0 9:54 0:00 0:00
Matt Moulson 0 1 1 0 0 3 0 0 1 0 0/0 11:48 0:00 0:07
Michael Ryder 0 0 0 -1 0 0 0 0 1 0 0/0 5:05 0:00 0:00
Mike Fisher 0 0 0 -1 0 0 2 0 0 0 0/1 5:05 0:00 0:00
R.J. Umberger 0 0 0 0 6 0 0 0 3 0 0/5 15:58 2:44 1:09
Ryan Ellis 0 1 1 0 0 4 0 2 3 0 0/0 28:34 3:44 5:47
Simon Gagné 0 0 0 1 0 1 1 2 0 0 1/1 18:24 3:39 0:00
T.J. Fast 1 1 2 2 0 2 2 1 1 1 0/0 21:13 2:39 3:56
Vladimir Tarasenko 2 2 4 1 0 4 1 0 0 1 2/5 24:04 3:39 5:21
3 Stars
1 - Vladimir Tarasenko (Que)
2 - T.J. Fast (Que)
3 - Mark Eaton (Que)
Power Play
Red Wings - 1 on 6 Attempt(s) - 16.67%
Nordiques - 2 on 5 Attempt(s) - 40.00%
Penalty Kill
Red Wings - 3 on 5 Attempt(s) - 60.00%
- Score 0 goal in Penalty Kill
Nordiques - 5 on 6 Attempt(s) - 83.33%
- Score 0 goal in Penalty Kill
Team Stat
Red Wings - Hits : 24 - Faceoff Wins : 29 - Blocked Shots : 14 - Penalty Minutes : 10
Nordiques - Hits : 19 - Faceoff Wins : 46 - Blocked Shots : 12 - Penalty Minutes : 12
Official
Referees : Unknown
Linesman : Unknown
Game Notes
No Game Note
Finance
Level 1 -- Attendance: 4567 (76.12%) -- Ticket Income $479,535
Level 2 -- Attendance: 3740 (74.80%) -- Ticket Income $243,100
Level 3 -- Attendance: 1209 (60.45%) -- Ticket Income $55,614
Level 4 -- Attendance: 2571 (64.28%) -- Ticket Income $89,985
Luxury Box -- Attendance: 1000 (100.00%) -- Ticket Income $165,000
Game was played at the Centre Videotron.
Total Attendance: 13087 (72.71%)
Total Ticket Income: $1,033,234
Other Income: $154,985
Total Income: $1,188,219
Red Wings
5 vs 5 Forward
Center Left Wing Right Wing Time % Phy DF OF
1 Tyler Johnson Adam Henrique Phil Kessel 36 0 2 3
2 Mike Richards Sean Bergenheim Tyler Toffoli 36 0 2 3
3 Chris Kelly Alex Picard Ales Hemsky 20 0 3 2
4 Nate Thompson Oleg Saprykin Carson Mcmillan 8 1 2 2
5 vs 5 Defense
Defense Defense Time % Phy DF OF
1 Brent Seabrook Jiri Fischer 35 0 3 2
2 Ole-Kristian Tollefsen Philip Samuelsson 35 0 3 2
3 Lubomir Visnovsky Ryan Whitney 20 0 3 2
4 Lubomir Visnovsky Ryan Whitney 10 0 3 2
PowerPlay Forward
Center Left Wing Right Wing Time % Phy DF OF
1 Tyler Johnson Adam Henrique Phil Kessel 60 0 1 4
2 Mike Richards Sean Bergenheim Tyler Toffoli 40 0 1 4
PowerPlay Defense
Defense Defense Time % Phy DF OF
1 Philip Samuelsson Brent Seabrook 60 0 2 3
2 Ole-Kristian Tollefsen Ryan Whitney 40 0 2 3
Penalty Kill 4 Players Forward
Center Wing Time % Phy DF OF
1 Oleg Saprykin Sean Bergenheim 50 1 2 2
2 Tyler Johnson Carson Mcmillan 50 1 2 2
Penalty Kill 4 Players Defense
Defense Defense Time % Phy DF OF
1 Lubomir Visnovsky Philip Samuelsson 50 1 2 2
2 Jiri Fischer Ole-Kristian Tollefsen 50 1 2 2
Penalty Kill - 3 Players Forward
Forward Time % Phy DF OF
1 Oleg Saprykin 60 1 2 2
2 Carson Mcmillan 40 1 2 2
Penalty Kill - 3 Players Defense
Defense Defense Time % Phy DF OF
1 Lubomir Visnovsky Philip Samuelsson 50 1 2 2
2 Jiri Fischer Ole-Kristian Tollefsen 50 1 2 2
4 vs 4 Forward
Center Wing Time % Phy DF OF
1 Mike Richards Adam Henrique 60 1 2 2
2 Tyler Johnson Phil Kessel 40 1 2 2
4 vs 4 Defense
Defense Defense Time % Phy DF OF
1 Brent Seabrook Jiri Fischer 60 1 2 2
2 Ole-Kristian Tollefsen Philip Samuelsson 40 1 2 2
Last Minutes Offensive
Center Left Wing Right Wing Defense Defense
Tyler Johnson Adam Henrique Phil Kessel Brent Seabrook Ole-Kristian Tollefsen
Last Minutes Defensive
Center Left Wing Right Wing Defense Defense
Tyler Johnson Oleg Saprykin Carson Mcmillan Jiri Fischer Lubomir Visnovsky
Goaltenders
Starting : John Gibson
Backup : James Reimer
Extra Forwards
Normal : Adam Henrique, Sean Bergenheim, Chris Kelly - PP : Chris Kelly, Ales Hemsky - PK : Chris Kelly
Extra Defensemen
Normal : Brent Seabrook, Philip Samuelsson, Lubomir Visnovsky - PP : Jiri Fischer - PK : Brent Seabrook, Ole-Kristian Tollefsen
Penalty Shots
Phil Kessel, Mike Richards, Carson Mcmillan, Alex Picard, Sean Bergenheim
Scratches
Brendan Bell (Healthy), Michael Haley (Healthy)
Nordiques
5 vs 5 Forward
Center Left Wing Right Wing Time % Phy DF OF
1 Marc Savard Simon Gagné Vladimir Tarasenko 40 0 1 4
2 David Legwand R.J. Umberger Jean-Pierre Dumont 30 1 1 3
3 Chris Drury Matt Moulson Martin St. Louis 20 1 2 2
4 Mike Fisher Kyle Calder Michael Ryder 10 2 2 1
5 vs 5 Defense
Defense Defense Time % Phy DF OF
1 Fedor Tyutin Ryan Ellis 40 1 3 1
2 Mark Eaton T.J. Fast 30 1 3 1
3 Dustin Byfuglien Matt Irwin 20 1 3 1
4 Fedor Tyutin Ryan Ellis 10 1 3 1
PowerPlay Forward
Center Left Wing Right Wing Time % Phy DF OF
1 Marc Savard Simon Gagné Vladimir Tarasenko 60 0 0 5
2 David Legwand R.J. Umberger Jean-Pierre Dumont 40 0 0 5
PowerPlay Defense
Defense Defense Time % Phy DF OF
1 Fedor Tyutin Ryan Ellis 60 0 2 3
2 Mark Eaton T.J. Fast 40 0 2 3
Penalty Kill 4 Players Forward
Center Wing Time % Phy DF OF
1 Marc Savard Vladimir Tarasenko 60 1 4 0
2 David Legwand Chris Drury 40 1 4 0
Penalty Kill 4 Players Defense
Defense Defense Time % Phy DF OF
1 Fedor Tyutin Ryan Ellis 60 1 4 0
2 Mark Eaton T.J. Fast 40 1 4 0
Penalty Kill - 3 Players Forward
Forward Time % Phy DF OF
1 Marc Savard 60 0 5 0
2 Vladimir Tarasenko 40 0 5 0
Penalty Kill - 3 Players Defense
Defense Defense Time % Phy DF OF
1 Fedor Tyutin Ryan Ellis 60 1 4 0
2 Mark Eaton T.J. Fast 40 1 4 0
4 vs 4 Forward
Center Wing Time % Phy DF OF
1 Marc Savard Vladimir Tarasenko 60 0 1 4
2 David Legwand Chris Drury 40 0 1 4
4 vs 4 Defense
Defense Defense Time % Phy DF OF
1 Fedor Tyutin Ryan Ellis 60 1 4 0
2 Mark Eaton T.J. Fast 40 1 4 0
Last Minutes Offensive
Center Left Wing Right Wing Defense Defense
Marc Savard Simon Gagné Vladimir Tarasenko Fedor Tyutin Ryan Ellis
Last Minutes Defensive
Center Left Wing Right Wing Defense Defense
Marc Savard Simon Gagné Vladimir Tarasenko Fedor Tyutin Ryan Ellis
Goaltenders
Starting : Jonathan Quick
Backup : Philipp Grubauer
Extra Forwards
Normal : Vladimir Tarasenko, Martin St. Louis, Chris Drury - PP : Vladimir Tarasenko, Martin St. Louis - PK : R.J. Umberger
Extra Defensemen
Normal : Ryan Ellis, Fedor Tyutin, Dustin Byfuglien - PP : Ryan Ellis - PK : Mark Eaton, Fedor Tyutin
Penalty Shots
Marc Savard, Vladimir Tarasenko, David Legwand, Chris Drury, Simon Gagné
Scratches
Bruno Gervais (Healthy), Paul Gaustad (Healthy), Petr Kalus (Healthy), Nikolai Kulemin (Healthy), Julien Ellis (Healthy)
% Time on Ice - Red Wings
Lines # - Real PCT - Wanted PCT - Time Play
Normal Forward
1 - 30% - 36% - 13:02
2 - 29% - 36% - 12:52
3 - 26% - 20% - 11:34
4 - 14% - 8% - 6:13
Normal Defense
1 - 36% - 35% - 15:38
2 - 37% - 35% - 16:11
3 - 21% - 20% - 9:20
4 - 6% - 10% - 2:32
PP Forward
1 - 54% - 60% - 5:20
2 - 46% - 40% - 4:36
PP Defense
1 - 61% - 60% - 6:05
2 - 39% - 40% - 3:51
PK Forward
1 - 53% - 50% - 3:23
2 - 47% - 50% - 3:00
PK Defense
1 - 46% - 50% - 2:57
2 - 54% - 50% - 3:26
PK3 Forward
1 - 0% - 60%
2 - 0% - 40%
PK3 Defense
1 - 0% - 50%
2 - 0% - 50%
44 Forward
1 - 0% - 60%
2 - 0% - 40%
44 Defense
1 - 0% - 60%
2 - 0% - 40%
Last Minute Offensive - 0:00
Last Minute Defensive - 0:00
Total
Forward - 60:00
Defense - 60:00
|
% Time on Ice - Nordiques
Lines # - Real PCT - Wanted PCT - Time Play
Normal Forward
1 - 36% - 40% - 15:32
2 - 26% - 30% - 11:23
3 - 27% - 20% - 11:41
4 - 12% - 10% - 5:05
Normal Defense
1 - 41% - 40% - 18:00
2 - 33% - 30% - 14:38
3 - 23% - 20% - 9:54
4 - 3% - 10% - 1:09
PP Forward
1 - 57% - 60% - 3:39
2 - 43% - 40% - 2:44
PP Defense
1 - 58% - 60% - 3:44
2 - 42% - 40% - 2:39
PK Forward
1 - 77% - 60% - 7:37
2 - 23% - 40% - 2:19
PK Defense
1 - 60% - 60% - 6:00
2 - 40% - 40% - 3:56
PK3 Forward
1 - 0% - 60%
2 - 0% - 40%
PK3 Defense
1 - 0% - 60%
2 - 0% - 40%
44 Forward
1 - 0% - 60%
2 - 0% - 40%
44 Defense
1 - 0% - 60%
2 - 0% - 40%
Last Minute Offensive - 0:00
Last Minute Defensive - 0:00
Total
Forward - 60:00
Defense - 60:00
|
Play by Play
1st period
0:01 of 1st period - Vladimir Tarasenko wins face-off versus Tyler Johnson in neutral zone.
0:12 of 1st period - Snap shot by Phil Kessel.
0:12 of 1st period - Deflect By Adam Henrique.
0:12 of 1st period - Stopped by Jonathan Quick without a rebound.
0:13 of 1st period - Mike Richards wins face-off versus David Legwand in Nordiques zone.
0:17 of 1st period - Icing by T.J. Fast.
0:18 of 1st period - Mike Richards wins face-off versus R.J. Umberger in Nordiques zone.
0:19 of 1st period - Snap shot by Sean Bergenheim.
0:19 of 1st period - Goal by Sean Bergenheim - Red Wings : 1 - Nordiques : 0.
0:20 of 1st period - Chris Drury wins face-off versus Ales Hemsky in neutral zone.
0:46 of 1st period - Lubomir Visnovsky is hit by Dustin Byfuglien and loses puck.
1:08 of 1st period - Minor Penalty to Marc Savard for Hooking.
1:09 of 1st period - Tyler Johnson wins face-off versus R.J. Umberger in Nordiques zone.
1:09 of 1st period - Snap shot by Phil Kessel.
1:09 of 1st period - Goal by Phil Kessel - Red Wings : 2 - Nordiques : 0.
1:10 of 1st period - David Legwand wins face-off versus Tyler Johnson in neutral zone.
1:38 of 1st period - Snap shot by Oleg Saprykin.
1:38 of 1st period - Shot Blocked by T.J. Fast.
1:40 of 1st period - Slapshot by Jiri Fischer.
1:40 of 1st period - Shot Misses the Net.
1:42 of 1st period - Slapshot by Brent Seabrook.
1:42 of 1st period - Shot Misses the Net.
1:44 of 1st period - Snap shot by Nate Thompson.
1:44 of 1st period - Shot Blocked by Mark Eaton.
1:46 of 1st period - Slapshot by Jiri Fischer.
1:46 of 1st period - Shot Blocked by Mark Eaton.
1:48 of 1st period - Snap shot by Brent Seabrook.
1:48 of 1st period - Stopped by Jonathan Quick without a rebound.
1:49 of 1st period - Chris Drury wins face-off versus Mike Richards in Nordiques zone.
1:56 of 1st period - Slapshot by Fedor Tyutin.
1:56 of 1st period - Shot Blocked by Tyler Toffoli.
2:02 of 1st period - Snap shot by Chris Drury.
2:02 of 1st period - Stopped by John Gibson without a rebound.
2:03 of 1st period - Chris Kelly wins face-off versus Marc Savard in Red Wings zone.
2:12 of 1st period - Snap shot by Vladimir Tarasenko.
2:12 of 1st period - Shot Misses the Net.
2:14 of 1st period - Slapshot by Ryan Ellis.
2:14 of 1st period - Stopped by John Gibson with a rebound.
2:16 of 1st period - Wrist shot by Vladimir Tarasenko.
2:16 of 1st period - Shot Blocked by Philip Samuelsson.
2:18 of 1st period - Snap shot by Vladimir Tarasenko.
2:18 of 1st period - Stopped by John Gibson without a rebound.
2:19 of 1st period - David Legwand wins face-off versus Mike Richards in Red Wings zone.
2:26 of 1st period - Snap shot by David Legwand.
2:26 of 1st period - Shot Misses the Net.
2:28 of 1st period - Minor Penalty to Sean Bergenheim for Roughing.
2:29 of 1st period - Oleg Saprykin wins face-off versus Vladimir Tarasenko in Red Wings zone.
2:29 of 1st period - Oleg Saprykin is hit by Fedor Tyutin.
2:40 of 1st period - Off-side.
2:41 of 1st period - Vladimir Tarasenko wins face-off versus Tyler Johnson in neutral zone.
2:46 of 1st period - Snap shot by Ryan Ellis.
2:46 of 1st period - Stopped by John Gibson with a rebound.
2:54 of 1st period - Wrist shot by Marc Savard.
2:54 of 1st period - Stopped by John Gibson without a rebound.
2:55 of 1st period - Marc Savard wins face-off versus Oleg Saprykin in Red Wings zone.
2:58 of 1st period - Backhand shot by Vladimir Tarasenko.
2:58 of 1st period - Shot Blocked by Philip Samuelsson.
3:00 of 1st period - Snap shot by Fedor Tyutin.
3:00 of 1st period - Deflect By Marc Savard.
3:00 of 1st period - Goal by Marc Savard - Red Wings : 2 - Nordiques : 1.
3:01 of 1st period - Simon Gagné wins face-off versus Tyler Johnson in neutral zone.
3:04 of 1st period - Phil Kessel is hit by Vladimir Tarasenko and loses puck.
3:09 of 1st period - Wrist shot by Vladimir Tarasenko.
3:09 of 1st period - Shot Misses the Net.
3:11 of 1st period - Wrist shot by Simon Gagné.
3:11 of 1st period - Stopped by John Gibson with a rebound.
3:13 of 1st period - Snap shot by Fedor Tyutin.
3:13 of 1st period - Shot Blocked by Phil Kessel.
3:15 of 1st period - Backhand shot by Ryan Ellis.
3:15 of 1st period - Stopped by John Gibson without a rebound.
3:16 of 1st period - Mike Richards wins face-off versus R.J. Umberger in Red Wings zone.
4:31 of 1st period - Wrist shot by Kyle Calder.
4:31 of 1st period - Stopped by John Gibson with a rebound.
4:33 of 1st period - Slapshot by Mark Eaton.
4:33 of 1st period - Shot Blocked by Ryan Whitney.
4:43 of 1st period - Lubomir Visnovsky is hit by T.J. Fast and loses puck.
4:48 of 1st period - Wrist shot by Marc Savard.
4:48 of 1st period - Stopped by John Gibson without a rebound.
4:49 of 1st period - Mike Richards wins face-off versus Marc Savard in Red Wings zone.
5:00 of 1st period - Wrist shot by Vladimir Tarasenko.
5:00 of 1st period - Stopped by John Gibson with a rebound.
5:08 of 1st period - Wrist shot by Marc Savard.
5:08 of 1st period - Stopped by John Gibson without a rebound.
5:09 of 1st period - David Legwand wins face-off versus Tyler Johnson in Red Wings zone.
5:13 of 1st period - Minor Penalty to Adam Henrique for Hooking.
5:14 of 1st period - Marc Savard wins face-off versus Oleg Saprykin in Red Wings zone.
5:18 of 1st period - Wrist shot by Vladimir Tarasenko.
5:18 of 1st period - Goal by Vladimir Tarasenko - Red Wings : 2 - Nordiques : 2.
5:19 of 1st period - Phil Kessel wins face-off versus David Legwand in neutral zone.
5:53 of 1st period - Slapshot by Mark Eaton.
5:53 of 1st period - Shot Blocked by Ole-Kristian Tollefsen.
5:55 of 1st period - Wrist shot by Mark Eaton.
5:55 of 1st period - Stopped by John Gibson without a rebound.
5:56 of 1st period - Chris Drury wins face-off versus Tyler Johnson in Red Wings zone.
6:21 of 1st period - Fedor Tyutin is hit by Sean Bergenheim and loses puck.
6:30 of 1st period - Snap shot by Mike Richards.
6:30 of 1st period - Shot Blocked by Simon Gagné.
6:55 of 1st period - Snap shot by Nate Thompson.
6:55 of 1st period - Shot Misses the Net.
7:09 of 1st period - Slapshot by Kyle Calder.
7:09 of 1st period - Stopped by John Gibson with a rebound.
7:12 of 1st period - Icing by Lubomir Visnovsky.
7:13 of 1st period - Chris Kelly wins face-off versus Marc Savard in Red Wings zone.
7:22 of 1st period - Slapshot by Alex Picard.
7:22 of 1st period - Goal by Alex Picard - Red Wings : 3 - Nordiques : 2.
7:23 of 1st period - David Legwand wins face-off versus Tyler Johnson in neutral zone.
7:31 of 1st period - Jean-Pierre Dumont is hit by Adam Henrique.
8:17 of 1st period - Snap shot by Chris Kelly.
8:17 of 1st period - Stopped by Jonathan Quick with a rebound.
8:19 of 1st period - Slapshot by Ole-Kristian Tollefsen.
8:19 of 1st period - Deflect By Chris Kelly.
8:19 of 1st period - Shot Blocked by Mark Eaton.
8:19 of 1st period - Puck is out of play.
8:20 of 1st period - Tyler Johnson wins face-off versus R.J. Umberger in Nordiques zone.
8:55 of 1st period - Snap shot by Mike Richards.
8:55 of 1st period - Shot Misses the Net.
8:57 of 1st period - Snap shot by Jiri Fischer.
8:57 of 1st period - Shot Blocked by Simon Gagné.
9:08 of 1st period - Minor Penalty to Chris Kelly for Hooking.
9:09 of 1st period - Marc Savard wins face-off versus Oleg Saprykin in Red Wings zone.
10:00 of 1st period - Icing by Jean-Pierre Dumont.
10:01 of 1st period - David Legwand wins face-off versus Tyler Johnson in Nordiques zone.
11:08 of 1st period - Penalty to Chris Kelly is over, Chris Kelly is back on ice.
11:12 of 1st period - Simon Gagné is hit by Chris Kelly.
11:59 of 1st period - Snap shot by Ales Hemsky.
11:59 of 1st period - Stopped by Jonathan Quick with a rebound.
12:01 of 1st period - Snap shot by Chris Kelly.
12:01 of 1st period - Stopped by Jonathan Quick without a rebound.
12:02 of 1st period - David Legwand wins face-off versus Nate Thompson in Nordiques zone.
12:04 of 1st period - Minor Penalty to R.J. Umberger for Hooking.
12:05 of 1st period - Tyler Johnson wins face-off versus Vladimir Tarasenko in Nordiques zone.
12:07 of 1st period - Wrist shot by Tyler Johnson.
12:07 of 1st period - Shot Misses the Net.
14:04 of 1st period - Penalty to R.J. Umberger is over, R.J. Umberger is back on ice.
14:17 of 1st period - Wrist shot by Chris Kelly.
14:17 of 1st period - Shot Misses the Net.
14:19 of 1st period - Wrist shot by Lubomir Visnovsky.
14:19 of 1st period - Stopped by Jonathan Quick with a rebound.
14:35 of 1st period - Chris Drury is hit by Oleg Saprykin.
14:51 of 1st period - Kyle Calder is hit by Alex Picard and loses puck.
15:47 of 1st period - Lubomir Visnovsky is hit by Marc Savard and loses puck.
16:32 of 1st period - Chris Drury is hit by Mike Richards.
17:17 of 1st period - Minor Penalty to Oleg Saprykin for Holding.
17:18 of 1st period - Marc Savard wins face-off versus Chris Kelly in Red Wings zone.
19:17 of 1st period - Penalty to Oleg Saprykin is over, Oleg Saprykin is back on ice.
19:26 of 1st period - Wrist shot by Chris Drury.
19:26 of 1st period - Deflect By Matt Moulson.
19:26 of 1st period - Stopped by John Gibson with a rebound.
19:32 of 1st period - Wrist shot by Tyler Johnson.
19:32 of 1st period - Deflect By Oleg Saprykin.
19:32 of 1st period - Goal by Oleg Saprykin - Red Wings : 4 - Nordiques : 2.
19:33 of 1st period - Chris Drury wins face-off versus Tyler Toffoli in neutral zone.
19:46 of 1st period - Snap shot by Sean Bergenheim.
19:46 of 1st period - Stopped by Jonathan Quick without a rebound.
19:47 of 1st period - Marc Savard wins face-off versus Tyler Johnson in Nordiques zone.
Goals for this period are 4 for Red Wings vs 2 for Nordiques.
Shots for this period are 11 for Red Wings vs 16 for Nordiques.
2nd period
0:01 of 2nd period - Mike Richards wins face-off versus Marc Savard in neutral zone.
0:13 of 2nd period - Minor Penalty to Marc Savard for Tripping.
0:14 of 2nd period - Tyler Johnson wins face-off versus R.J. Umberger in Nordiques zone.
0:40 of 2nd period - Fedor Tyutin is hit by Philip Samuelsson and loses puck.
0:59 of 2nd period - Fedor Tyutin is hit by Tyler Johnson and loses puck.
2:13 of 2nd period - Penalty to Marc Savard is over, Marc Savard is back on ice.
2:18 of 2nd period - Slapshot by Marc Savard.
2:18 of 2nd period - Stopped by John Gibson without a rebound.
2:19 of 2nd period - Marc Savard wins face-off versus Nate Thompson in Red Wings zone.
2:45 of 2nd period - Ole-Kristian Tollefsen is hit by Dustin Byfuglien and loses puck.
3:13 of 2nd period - David Legwand is hit by Brent Seabrook and loses puck.
3:30 of 2nd period - Wrist shot by Sean Bergenheim.
3:30 of 2nd period - Shot Misses the Net.
3:32 of 2nd period - Slapshot by Brent Seabrook.
3:32 of 2nd period - Shot Blocked by Fedor Tyutin.
3:52 of 2nd period - Vladimir Tarasenko is hit by Nate Thompson and loses puck.
4:27 of 2nd period - Slapshot by Phil Kessel.
4:27 of 2nd period - Stopped by Jonathan Quick without a rebound.
4:28 of 2nd period - Chris Drury wins face-off versus Tyler Johnson in Nordiques zone.
4:37 of 2nd period - Snap shot by Adam Henrique.
4:37 of 2nd period - Stopped by Jonathan Quick with a rebound.
4:47 of 2nd period - Snap shot by Phil Kessel.
4:47 of 2nd period - Stopped by Jonathan Quick with a rebound.
4:49 of 2nd period - Wrist shot by Tyler Johnson.
4:49 of 2nd period - Shot Blocked by Matt Irwin.
4:51 of 2nd period - Wrist shot by Tyler Johnson.
4:51 of 2nd period - Stopped by Jonathan Quick without a rebound.
4:52 of 2nd period - Mike Richards wins face-off versus Marc Savard in Nordiques zone.
5:05 of 2nd period - Slapshot by Sean Bergenheim.
5:05 of 2nd period - Stopped by Jonathan Quick with a rebound.
5:07 of 2nd period - Wrist shot by Sean Bergenheim.
5:07 of 2nd period - Stopped by Jonathan Quick without a rebound.
5:08 of 2nd period - Tyler Johnson wins face-off versus David Legwand in Nordiques zone.
5:58 of 2nd period - Snap shot by Matt Moulson.
5:58 of 2nd period - Shot Blocked by Philip Samuelsson.
6:00 of 2nd period - Wrist shot by Martin St. Louis.
6:00 of 2nd period - Stopped by John Gibson with a rebound.
6:02 of 2nd period - Slapshot by Fedor Tyutin.
6:02 of 2nd period - Shot Blocked by Ole-Kristian Tollefsen.
6:04 of 2nd period - Slapshot by Chris Drury.
6:04 of 2nd period - Stopped by John Gibson with a rebound.
6:36 of 2nd period - Jiri Fischer is hit by David Legwand and loses puck.
6:53 of 2nd period - T.J. Fast is hit by Adam Henrique and loses puck.
6:58 of 2nd period - Slapshot by Phil Kessel.
6:58 of 2nd period - Shot Misses the Net.
7:00 of 2nd period - Snap shot by Jiri Fischer.
7:00 of 2nd period - Deflect By T.J. Fast.
7:00 of 2nd period - Stopped by Jonathan Quick without a rebound.
7:01 of 2nd period - Marc Savard wins face-off versus Mike Richards in Nordiques zone.
7:15 of 2nd period - Sean Bergenheim is hit by Marc Savard and loses puck.
7:28 of 2nd period - Matt Irwin is hit by Alex Picard and loses puck.
7:37 of 2nd period - Wrist shot by Alex Picard.
7:37 of 2nd period - Stopped by Jonathan Quick with a rebound.
7:39 of 2nd period - Wrist shot by Alex Picard.
7:39 of 2nd period - Shot Blocked by Matt Irwin.
7:56 of 2nd period - Off-side.
7:57 of 2nd period - Mike Richards wins face-off versus Marc Savard in neutral zone.
8:02 of 2nd period - Marc Savard is hit by Ole-Kristian Tollefsen and loses puck.
8:13 of 2nd period - Wrist shot by Ole-Kristian Tollefsen.
8:13 of 2nd period - Stopped by Jonathan Quick without a rebound.
8:14 of 2nd period - Jean-Pierre Dumont wins face-off versus Tyler Johnson in Nordiques zone.
8:39 of 2nd period - Simon Gagné is hit by Mike Richards and loses puck.
8:56 of 2nd period - Icing by Mike Richards.
8:57 of 2nd period - Chris Drury wins face-off versus Chris Kelly in Red Wings zone.
9:32 of 2nd period - Slapshot by Mike Richards.
9:32 of 2nd period - Stopped by Jonathan Quick without a rebound.
9:33 of 2nd period - David Legwand wins face-off versus Tyler Johnson in Nordiques zone.
10:00 of 2nd period - Philip Samuelsson is hit by Marc Savard and loses puck.
10:27 of 2nd period - Wrist shot by Nate Thompson.
10:27 of 2nd period - Shot Misses the Net.
10:29 of 2nd period - Wrist shot by Nate Thompson.
10:29 of 2nd period - Stopped by Jonathan Quick with a rebound.
10:49 of 2nd period - Wrist shot by Matt Moulson.
10:49 of 2nd period - Stopped by John Gibson with a rebound.
12:24 of 2nd period - Kyle Calder is hit by Philip Samuelsson and loses puck.
12:38 of 2nd period - Off-side.
12:39 of 2nd period - Sean Bergenheim wins face-off versus Chris Drury in neutral zone.
12:56 of 2nd period - Tyler Toffoli is hit by Chris Drury and loses puck.
13:15 of 2nd period - Snap shot by Mike Richards.
13:15 of 2nd period - Shot Blocked by Ryan Ellis.
13:17 of 2nd period - Snap shot by Mike Richards.
13:17 of 2nd period - Stopped by Jonathan Quick with a rebound.
13:19 of 2nd period - Wrist shot by Mike Richards.
13:19 of 2nd period - Stopped by Jonathan Quick with a rebound.
13:28 of 2nd period - Minor Penalty to Martin St. Louis for Boarding.
13:29 of 2nd period - Marc Savard wins face-off versus Tyler Johnson in Nordiques zone.
14:23 of 2nd period - Ryan Ellis is hit by Sean Bergenheim and loses puck.
14:46 of 2nd period - Snap shot by Kyle Calder.
14:46 of 2nd period - Stopped by John Gibson with a rebound.
15:28 of 2nd period - Penalty to Martin St. Louis is over, Martin St. Louis is back on ice.
15:57 of 2nd period - Snap shot by Martin St. Louis.
15:57 of 2nd period - Stopped by John Gibson without a rebound.
15:58 of 2nd period - Chris Kelly wins face-off versus Chris Drury in Red Wings zone.
16:05 of 2nd period - Backhand shot by Ales Hemsky.
16:05 of 2nd period - Stopped by Jonathan Quick without a rebound.
16:06 of 2nd period - Marc Savard wins face-off versus Ales Hemsky in Nordiques zone.
16:40 of 2nd period - Slapshot by Ryan Ellis.
16:40 of 2nd period - Shot Blocked by Jiri Fischer.
16:48 of 2nd period - Wrist shot by Matt Moulson.
16:48 of 2nd period - Stopped by John Gibson without a rebound.
16:49 of 2nd period - Phil Kessel wins face-off versus David Legwand in Red Wings zone.
17:25 of 2nd period - Slapshot by Sean Bergenheim.
17:25 of 2nd period - Stopped by Jonathan Quick without a rebound.
17:26 of 2nd period - Marc Savard wins face-off versus Tyler Johnson in Nordiques zone.
17:26 of 2nd period - Marc Savard is hit by Tyler Johnson.
17:58 of 2nd period - Wrist shot by Jean-Pierre Dumont.
17:58 of 2nd period - Shot Blocked by Brent Seabrook.
18:00 of 2nd period - Snap shot by R.J. Umberger.
18:00 of 2nd period - Shot Blocked by Tyler Toffoli.
18:34 of 2nd period - Nate Thompson is hit by Mike Fisher and loses puck.
18:53 of 2nd period - Simon Gagné is hit by Phil Kessel and loses puck.
19:00 of 2nd period - Ole-Kristian Tollefsen is hit by Simon Gagné and loses puck.
19:51 of 2nd period - Icing by Alex Picard.
19:52 of 2nd period - Nate Thompson wins face-off versus Mike Fisher in Red Wings zone.
19:52 of 2nd period - Nate Thompson is hit by Mike Fisher.
Goals for this period are 0 for Red Wings vs 0 for Nordiques.
Shots for this period are 15 for Red Wings vs 7 for Nordiques.
3rd period
0:01 of 3rd period - Marc Savard wins face-off versus Tyler Johnson in neutral zone.
0:03 of 3rd period - Off-side.
0:04 of 3rd period - Tyler Johnson wins face-off versus Vladimir Tarasenko in neutral zone.
0:55 of 3rd period - Slapshot by Alex Picard.
0:55 of 3rd period - Stopped by Jonathan Quick with a rebound.
1:44 of 3rd period - Wrist shot by Vladimir Tarasenko.
1:44 of 3rd period - Goal by Vladimir Tarasenko - Red Wings : 4 - Nordiques : 3.
1:45 of 3rd period - Marc Savard wins face-off versus Tyler Johnson in neutral zone.
2:05 of 3rd period - Fedor Tyutin is hit by Tyler Johnson and loses puck.
2:15 of 3rd period - Off-side.
2:16 of 3rd period - David Legwand wins face-off versus Sean Bergenheim in neutral zone.
2:19 of 3rd period - Snap shot by T.J. Fast.
2:19 of 3rd period - Deflect By R.J. Umberger.
2:19 of 3rd period - Shot Misses the Net.
2:19 of 3rd period - Puck is out of play.
2:20 of 3rd period - David Legwand wins face-off versus Mike Richards in Red Wings zone.
2:23 of 3rd period - Slapshot by Jean-Pierre Dumont.
2:23 of 3rd period - Stopped by John Gibson without a rebound.
2:24 of 3rd period - Marc Savard wins face-off versus Tyler Toffoli in Red Wings zone.
2:27 of 3rd period - Slapshot by Simon Gagné.
2:27 of 3rd period - Shot Misses the Net.
2:39 of 3rd period - Wrist shot by Sean Bergenheim.
2:39 of 3rd period - Shot Misses the Net.
3:06 of 3rd period - Icing by Jean-Pierre Dumont.
3:07 of 3rd period - David Legwand wins face-off versus Chris Kelly in Nordiques zone.
3:22 of 3rd period - Simon Gagné is hit by Chris Kelly and loses puck.
4:06 of 3rd period - Snap shot by Tyler Johnson.
4:06 of 3rd period - Stopped by Jonathan Quick with a rebound.
4:08 of 3rd period - Wrist shot by Tyler Johnson.
4:08 of 3rd period - Stopped by Jonathan Quick with a rebound.
4:10 of 3rd period - Slapshot by Jiri Fischer.
4:10 of 3rd period - Deflect By Tyler Johnson.
4:10 of 3rd period - Deflect By Ryan Ellis.
4:10 of 3rd period - Shot Blocked by Fedor Tyutin.
4:10 of 3rd period - Puck is out of play.
4:11 of 3rd period - Chris Kelly wins face-off versus Marc Savard in Nordiques zone.
5:38 of 3rd period - Off-side.
5:39 of 3rd period - Marc Savard wins face-off versus Mike Richards in neutral zone.
6:36 of 3rd period - Snap shot by Matt Moulson.
6:36 of 3rd period - Shot Misses the Net.
6:38 of 3rd period - Snap shot by Martin St. Louis.
6:38 of 3rd period - Goal by Martin St. Louis - Red Wings : 4 - Nordiques : 4.
6:39 of 3rd period - Mike Richards wins face-off versus Marc Savard in neutral zone.
6:44 of 3rd period - Slapshot by Jiri Fischer.
6:44 of 3rd period - Deflect By Marc Savard.
6:44 of 3rd period - Stopped by Jonathan Quick without a rebound.
6:45 of 3rd period - Mike Richards wins face-off versus Marc Savard in Nordiques zone.
6:50 of 3rd period - Slapshot by Mike Richards.
6:50 of 3rd period - Stopped by Jonathan Quick without a rebound.
6:51 of 3rd period - Mike Richards wins face-off versus Marc Savard in Nordiques zone.
7:07 of 3rd period - Wrist shot by Lubomir Visnovsky.
7:07 of 3rd period - Shot Misses the Net.
7:17 of 3rd period - Lubomir Visnovsky is hit by Jean-Pierre Dumont and loses puck.
7:42 of 3rd period - Slapshot by Martin St. Louis.
7:42 of 3rd period - Stopped by John Gibson with a rebound.
7:44 of 3rd period - Snap shot by Fedor Tyutin.
7:44 of 3rd period - Shot Blocked by Jiri Fischer.
7:46 of 3rd period - Slapshot by Fedor Tyutin.
7:46 of 3rd period - Deflect By Matt Moulson.
7:46 of 3rd period - Shot Blocked by Brent Seabrook.
7:46 of 3rd period - Puck is out of play.
7:47 of 3rd period - Marc Savard wins face-off versus Mike Richards in Red Wings zone.
8:12 of 3rd period - Tyler Johnson is hit by Jean-Pierre Dumont and loses puck.
8:21 of 3rd period - Slapshot by Jean-Pierre Dumont.
8:21 of 3rd period - Shot Misses the Net.
8:35 of 3rd period - Icing by Dustin Byfuglien.
8:36 of 3rd period - Chris Kelly wins face-off versus Chris Drury in Nordiques zone.
8:47 of 3rd period - Dustin Byfuglien is hit by Alex Picard and loses puck.
9:14 of 3rd period - Off-side.
9:15 of 3rd period - Mike Richards wins face-off versus Marc Savard in neutral zone.
9:30 of 3rd period - Snap shot by Sean Bergenheim.
9:30 of 3rd period - Shot Misses the Net.
9:45 of 3rd period - Lubomir Visnovsky is hit by Marc Savard and loses puck.
10:30 of 3rd period - Snap shot by Mike Richards.
10:30 of 3rd period - Shot Misses the Net.
10:32 of 3rd period - Backhand shot by Ole-Kristian Tollefsen.
10:32 of 3rd period - Shot Misses the Net.
10:34 of 3rd period - Snap shot by Tyler Toffoli.
10:34 of 3rd period - Goal by Tyler Toffoli - Red Wings : 5 - Nordiques : 4.
10:35 of 3rd period - Tyler Johnson wins face-off versus Marc Savard in neutral zone.
10:38 of 3rd period - Slapshot by Tyler Johnson.
10:38 of 3rd period - Shot Misses the Net.
10:40 of 3rd period - Wrist shot by Jiri Fischer.
10:40 of 3rd period - Stopped by Jonathan Quick without a rebound.
10:41 of 3rd period - Marc Savard wins face-off versus Tyler Johnson in Nordiques zone.
11:16 of 3rd period - Wrist shot by Alex Picard.
11:16 of 3rd period - Shot Blocked by Ryan Ellis.
11:18 of 3rd period - Wrist shot by Alex Picard.
11:18 of 3rd period - Stopped by Jonathan Quick without a rebound.
11:19 of 3rd period - David Legwand wins face-off versus Mike Richards in Nordiques zone.
11:33 of 3rd period - Minor Penalty to R.J. Umberger for High sticking.
11:34 of 3rd period - Marc Savard wins face-off versus Tyler Johnson in Nordiques zone.
12:33 of 3rd period - Sean Bergenheim is hit by T.J. Fast and loses puck.
13:03 of 3rd period - Icing by Tyler Johnson.
13:04 of 3rd period - Chris Drury wins face-off versus Tyler Johnson in Red Wings zone.
13:33 of 3rd period - Penalty to R.J. Umberger is over, R.J. Umberger is back on ice.
13:44 of 3rd period - Ryan Ellis is hit by Chris Kelly and loses puck.
14:01 of 3rd period - Slapshot by Nate Thompson.
14:01 of 3rd period - Stopped by Jonathan Quick with a rebound.
14:03 of 3rd period - Wrist shot by Nate Thompson.
14:03 of 3rd period - Stopped by Jonathan Quick without a rebound.
14:04 of 3rd period - Chris Drury wins face-off versus Nate Thompson in Nordiques zone.
14:13 of 3rd period - Wrist shot by Chris Drury.
14:13 of 3rd period - Shot Misses the Net.
14:15 of 3rd period - Wrist shot by Chris Drury.
14:15 of 3rd period - Stopped by John Gibson without a rebound.
14:16 of 3rd period - Marc Savard wins face-off versus Mike Richards in Red Wings zone.
14:19 of 3rd period - Wrist shot by Vladimir Tarasenko.
14:19 of 3rd period - Shot Misses the Net.
14:21 of 3rd period - Slapshot by T.J. Fast.
14:21 of 3rd period - Deflect By Sean Bergenheim.
14:21 of 3rd period - Stopped by John Gibson with a rebound.
14:23 of 3rd period - Wrist shot by Vladimir Tarasenko.
14:23 of 3rd period - Shot Misses the Net.
14:25 of 3rd period - Backhand shot by Mark Eaton.
14:25 of 3rd period - Shot Blocked by Philip Samuelsson.
14:27 of 3rd period - Snap shot by T.J. Fast.
14:27 of 3rd period - Goal by T.J. Fast - Red Wings : 5 - Nordiques : 5.
14:28 of 3rd period - Marc Savard wins face-off versus Tyler Johnson in neutral zone.
14:56 of 3rd period - Minor Penalty to R.J. Umberger for Tripping.
14:57 of 3rd period - Marc Savard wins face-off versus Tyler Johnson in Nordiques zone.
15:54 of 3rd period - Wrist shot by Sean Bergenheim.
15:54 of 3rd period - Shot Misses the Net.
16:18 of 3rd period - Backhand shot by Sean Bergenheim.
16:18 of 3rd period - Shot Misses the Net.
16:31 of 3rd period - Off-side.
16:32 of 3rd period - David Legwand wins face-off versus Tyler Johnson in neutral zone.
16:37 of 3rd period - Tyler Johnson is hit by David Legwand and loses puck.
16:56 of 3rd period - Penalty to R.J. Umberger is over, R.J. Umberger is back on ice.
16:59 of 3rd period - Slapshot by Ryan Ellis.
16:59 of 3rd period - Deflect By Ole-Kristian Tollefsen.
16:59 of 3rd period - Stopped by John Gibson with a rebound.
17:01 of 3rd period - Snap shot by David Legwand.
17:01 of 3rd period - Goal by David Legwand - Red Wings : 5 - Nordiques : 6.
17:02 of 3rd period - Chris Kelly wins face-off versus Chris Drury in neutral zone.
17:05 of 3rd period - Matt Moulson is hit by Chris Kelly and loses puck.
17:11 of 3rd period - Off-side.
17:12 of 3rd period - Chris Drury wins face-off versus Chris Kelly in neutral zone.
17:15 of 3rd period - Alex Picard is hit by Martin St. Louis and loses puck.
17:46 of 3rd period - Snap shot by Chris Drury.
17:46 of 3rd period - Stopped by John Gibson with a rebound.
18:11 of 3rd period - Minor Penalty to Alex Picard for Slashing.
18:12 of 3rd period - Marc Savard wins face-off versus Tyler Johnson in Red Wings zone.
19:06 of 3rd period - Marc Savard is hit by Carson Mcmillan and loses puck.
Goals for this period are 1 for Red Wings vs 4 for Nordiques.
Shots for this period are 10 for Red Wings vs 10 for Nordiques.
Back to the Top